[Event "Titled Tuesday Blitz June 1 2021"]
[White "Garcia Ramos, Daniel"]
[Black "Moskalenko, Alexander"]
[WhiteFideId "32010311"]
[BlackFideId "4155351"]
[WhiteElo "2601"]
[BlackElo "2798"]
[Result "0-1"]
[Round "03"]
[TimeControl "180+1"]
[Date "2021.06.01"]
[WhiteClock "0:00:02"]
[BlackClock "0:01:47"]

1. c4 Nf6 2. Nf3 g6 3. g3 Bg7 4. Bg2 O-O 5. O-O d6 6. d4 Nc6 7. Nc3 Rb8 8. d5 Na5 9. Qd3 c5 10. e4 e5 11. dxe6 Bxe6 12. Nd5 Nxd5 13. cxd5 Bg4 14. a4 Bxf3 15. Bxf3 Qb6 16. Rb1 Qb3 17. Qxb3 Nxb3 18. Bf4 Rbd8 19. Bd1 Nd4 20. b4 c4 21. Rc1 c3 22. Kg2 Rfe8 23. Rxc3 Ne2 24. Rc7 Nxf4+ 25. gxf4 Rxe4 26. Rxb7 Rxf4 27. Re1 Bd4 28. Bf3 Rc8 29. Re4 Rxe4 30. Bxe4 Rc3 31. Rd7 Rb3 32. Rxd6 Rxb4 33. Rd8+ Kg7 34. d6 Bb6 35. Re8 Rd4 36. Re7 Rxd6 37. Bb1 Rd2 38. Kg3 Bxf2+ 39. Kf3 Bc5 40. Rb7 Rxh2 41. Bd3 Rf2+ 42. Ke4 Rf6 43. Bc4 h5 44. Kd5 Bb6 45. Ke5 h4 46. Rb8 Bc7+ 0-1


[Site "https://www.chess.com"]

[Event "Titled Tuesday Blitz June 1 2021"]
[White "Gelman, Alexander"]
[Black "Sahil, Tickoo"]
[WhiteFideId "4118316"]
[BlackFideId "5019710"]
[WhiteElo "2375"]
[BlackElo "2099"]
[Result "1-0"]
[Round "03"]
[TimeControl "180+1"]
[Date "2021.06.01"]
[WhiteClock "0:00:14"]
[BlackClock "0:00:15"]

1. d4 d5 2. Nc3 Bf5 3. Bf4 a6 4. f3 Bg6 5. e4 e6 6. h4 h5 7. Bd3 Nf6 8. Nge2 Bb4 9. a3 Be7 10. Qd2 Nc6 11. e5 Nd7 12. Bxg6 fxg6 13. O-O-O Nf8 14. Kb1 Na5 15. Qe1 Nc4 16. Bc1 b5 17. Nf4 b4 18. Na4 Qd7 19. b3 Nxa3+ 20. Bxa3 bxa3 21. Qc3 Rb8 22. Nc5 Qc6 23. Qd3 Bxc5 24. dxc5 Kf7 25. Qd4 Nd7 26. Nd3 Rb5 27. Qf4+ Kg8 28. Qg5 Nf8 29. Ka2 a5 30. Rb1 Rxc5 31. Nxc5 Qxc5 32. Qd2 Kh7 33. Rbc1 Nd7 34. f4 Rb8 35. Rh3 a4 36. Rc3 axb3+ 37. cxb3 Qb6 38. Qd3 c5 39. g4 c4 40. Qc2 cxb3+ 41. Rxb3 Qxb3+ 42. Qxb3 Rxb3 43. Kxb3 hxg4 44. Rg1 Nc5+ 45. Kxa3 Ne4 46. Rxg4 Kh6 47. Kb3 Kh5 48. Rg1 Nf2 49. Kc3 Ng4 50. Rh1 Nf2 51. Rh2 Ng4 52. Rh1 Nf2 53. Rg1 Ng4 54. Kd4 Kxh4 55. Kc5 Kh5 56. Kd6 Nf2 57. Kxe6 Nd3 58. Rf1 Kg4 59. Kxd5 Nxf4+ 60. Rxf4+ Kxf4 61. e6 g5 62. e7 g4 63. e8=Q g3 64. Qe4+ Kg5 65. Qg2 Kh4 66. Ke4 g5 67. Kf3 g4+ 68. Kf4 Kh5 69. Qxg3 Kh6 70. Qxg4 Kh7 71. Kf5 Kh8 72. Kf6 Kh7 73. Qg7# 1-0


[Site "https://www.chess.com"]

[Event "Titled Tuesday Blitz June 1 2021"]
[White "Ghimpu, Samuel-Timotei"]
[Black "Perez Ponsa, Federico"]
[WhiteFideId "1238175"]
[BlackFideId "117927"]
[WhiteElo "2026"]
[BlackElo "2672"]
[Result "0-1"]
[Round "03"]
[TimeControl "180+1"]
[Date "2021.06.01"]
[WhiteClock "0:01:11"]
[BlackClock "0:01:04"]

1. e4 c5 2. Nf3 d6 3. d4 cxd4 4. Nxd4 Nf6 5. Nc3 a6 6. Bc4 e6 7. Bb3 Nbd7 8. Be3 Nc5 9. Qf3 Be7 10. O-O-O Qc7 11. g4 b5 12. e5 Bb7 13. Qe2 dxe5 14. Ndxb5 axb5 15. Nxb5 Nxb3+ 16. axb3 Ra1+ 17. Kd2 Qa5+ 18. c3 Bxh1 0-1


[Site "https://www.chess.com"]

[Event "Titled Tuesday Blitz June 1 2021"]
[White "Goltsev, Dmitry"]
[Black "Rychagov, Andrey"]
[WhiteFideId "24176710"]
[BlackFideId "4119932"]
[WhiteElo "2366"]
[BlackElo "2527"]
[Result "1-0"]
[Round "03"]
[TimeControl "180+1"]
[Date "2021.06.01"]
[WhiteClock "0:02:16"]
[BlackClock "0:01:29"]

1. e4 e6 2. Nf3 d5 3. exd5 exd5 4. d4 Bd6 5. Bd3 Ne7 6. O-O O-O 7. Re1 Bf5 8. Nc3 Bxd3 9. Qxd3 c6 10. Bg5 f6 11. Bh4 Qd7 12. Re2 Qf5 13. Qxf5 Nxf5 14. Bg3 Nxg3 15. hxg3 Nd7 16. Re6 Bc7 17. Rae1 Rf7 18. b4 a6 19. a4 Rc8 20. Nd2 Kf8 21. Nb3 Bd8 22. Re8# 1-0


[Site "https://www.chess.com"]

[Event "Titled Tuesday Blitz June 1 2021"]
[White "Grigorov, Grigor"]
[Black "Pert, Richard G"]
[WhiteFideId "2907313"]
[BlackFideId "404748"]
[WhiteElo "2835"]
[BlackElo "2634"]
[Result "1-0"]
[Round "03"]
[TimeControl "180+1"]
[Date "2021.06.01"]
[WhiteClock "0:00:17"]
[BlackClock "0:00:02"]

1. d4 d5 2. c4 e6 3. Nf3 Nf6 4. g3 Bb4+ 5. Bd2 Be7 6. Bg2 O-O 7. O-O Nbd7 8. Qc2 Ne4 9. Nc3 Nxd2 10. Nxd2 c6 11. e3 f5 12. Rab1 a5 13. a3 Nf6 14. b4 axb4 15. axb4 Ne4 16. Ncxe4 fxe4 17. f4 Bd7 18. Qc3 Qe8 19. Ra1 Qh5 20. c5 Rfb8 21. Nb3 Be8 22. Qd2 Qf5 23. Na5 Bh5 24. Ra2 h6 25. Rfa1 Kh7 26. Qf2 Bg4 27. Qf1 Qh5 28. h3 Bf3 29. Bxf3 exf3 30. g4 Qh4 31. Qxf3 Ra6 32. Kg2 Rba8 33. Qe2 Bd8 34. Nxb7 Rxa2 35. Rxa2 Rxa2 36. Qxa2 Bc7 37. Qc2+ Kh8 38. Qe2 Qe7 39. Na5 g5 40. Nxc6 Qf6 41. Ne5 gxf4 42. exf4 Kg7 43. Qe3 Qh4 44. b5 Ba5 45. b6 1-0


[Site "https://www.chess.com"]

[Event "Titled Tuesday Blitz June 1 2021"]
[White "Guimaraes, Diogo Duarte"]
[Black "Laxman, R.R."]
[WhiteFideId "2112450"]
[BlackFideId "5005361"]
[WhiteElo "2263"]
[BlackElo "2476"]
[Result "0-1"]
[Round "03"]
[TimeControl "180+1"]
[Date "2021.06.01"]
[WhiteClock "0:01:20"]
[BlackClock "0:02:07"]

1. e4 e5 2. Nf3 Nc6 3. Bc4 Bc5 4. c3 Nf6 5. d4 exd4 6. e5 d5 7. Be2 Ne4 8. cxd4 Bb6 9. O-O Bg4 10. Be3 f5 11. exf6 Qxf6 12. Ne5 Bxe2 13. Qxe2 Nxd4 14. Bxd4 Bxd4 15. Ng4 Qb6 16. Nc3 Bxc3 17. bxc3 O-O 18. c4 Rae8 19. Ne3 Nxf2 20. Rxf2 Rxf2 21. Qxf2 Qxe3 22. cxd5 Qxf2+ 23. Kxf2 Rd8 24. Rc1 Rd7 25. Ke3 Kf7 26. Ke4 Ke7 27. Ke5 Kd8 28. Rf1 Re7+ 29. Kd4 Kd7 30. Rf2 Kd6 31. Rf8 c5+ 32. dxc6 Kxc6 33. Rc8+ Kb5 34. Rc2 Ka4 35. Rc3 b5 36. Rh3 h6 37. Kc3 Ka3 38. Kd4+ Kxa2 39. Kc5 Rb7 40. Kb4 a5+ 41. Kxa5 b4 42. Ka4 b3 0-1


[Site "https://www.chess.com"]

[Event "Titled Tuesday Blitz June 1 2021"]
[White "Hansen, Eric"]
[Black "Kretov, Evgenij"]
[WhiteFideId "2606771"]
[BlackFideId "4167821"]
[WhiteElo "2568"]
[BlackElo "2381"]
[Result "1-0"]
[Round "03"]
[TimeControl "180+1"]
[Date "2021.06.01"]
[WhiteClock "0:00:05"]
[BlackClock "0:00:17"]

1. e4 c5 2. Nf3 Nc6 3. Bb5 g6 4. Bxc6 bxc6 5. O-O Bg7 6. c3 Nf6 7. e5 Nd5 8. d4 cxd4 9. Qxd4 O-O 10. Qh4 Nc7 11. Bh6 Ne6 12. Nbd2 Ba6 13. Rfe1 Bd3 14. Re3 Bf5 15. b3 f6 16. Bxg7 Kxg7 17. Rae1 g5 18. Qc4 h6 19. Nd4 Nxd4 20. Qxd4 e6 21. Nc4 Rc8 22. Nd6 Rc7 23. c4 fxe5 24. Qxe5+ Kg6 25. h3 Qf6 26. g4 Bc2 27. R1e2 Qxe5 28. Rxe5 Bb1 29. Rb2 Kf6 30. Re1 Bg6 31. b4 Ke7 32. c5 Rf4 33. a3 Rd4 34. Re3 Rd5 35. Kg2 a5 36. Kg3 axb4 37. axb4 Ra7 38. Nc8+ Kd8 39. Nxa7 Kc7 40. Rf3 Kb7 41. Ra3 Rd1 42. b5 cxb5 43. Nxb5 Kc6 44. Na7+ Kd5 45. c6 Be4 46. f3 1-0


[Site "https://www.chess.com"]

[Event "Titled Tuesday Blitz June 1 2021"]
[White "Herrera Reyes, Jose Antonio"]
[Black "Yeletsky, Ivan"]
[WhiteFideId "2274914"]
[BlackFideId "24180327"]
[WhiteElo "2629"]
[BlackElo "2809"]
[Result "0-1"]
[Round "03"]
[TimeControl "180+1"]
[Date "2021.06.01"]
[WhiteClock "0:02:04"]
[BlackClock "0:02:02"]

1. Nf3 c5 2. g3 Nc6 3. Bg2 g6 4. d3 Bg7 5. Nc3 d6 6. h4 h6 7. e4 e5 8. Be3 Nf6 9. Qd2 Ng4 10. O-O-O Be6 11. Nd5 b5 12. Nh2 Nxe3 13. fxe3 Ne7 14. Rdf1 Nxd5 15. exd5 Bd7 16. Rf2 h5 17. Nf3 Bh6 18. Kb1 a5 19. Rhf1 O-O 20. Qe2 a4 21. Nd2 a3 22. b3 f5 23. e4 Qa5 24. exf5 Qc3 0-1


[Site "https://www.chess.com"]

[Event "Titled Tuesday Blitz June 1 2021"]
[White "Hess, Robert"]
[Black "Schmidt, Harald"]
[WhiteFideId "2022036"]
[BlackFideId "4648358"]
[WhiteElo "2557"]
[BlackElo "2331"]
[Result "1-0"]
[Round "03"]
[TimeControl "180+1"]
[Date "2021.06.01"]
[WhiteClock "0:00:17"]
[BlackClock "0:00:08"]

1. b3 a5 2. c4 a4 3. bxa4 d6 4. Nc3 Bd7 5. e3 e5 6. Nf3 Nf6 7. Bd3 Nc6 8. O-O g6 9. Ba3 Bg7 10. c5 d5 11. Bb5 Qe7 12. d4 e4 13. Bxc6 Bxc6 14. Ne5 O-O 15. Rb1 h5 16. Nxc6 bxc6 17. Rb7 Ng4 18. h3 Nh6 19. Qe2 f5 20. Rfb1 f4 21. exf4 Bxd4 22. Qd2 Bg7 23. R1b6 d4 24. Rxc6 dxc3 25. Qd5+ Qf7 26. Rcxc7 c2 27. Rxf7 Nxf7 28. Rxf7 Kh7 29. Rxg7+ Kxg7 30. Bb2+ Kh6 31. Qg5+ 1-0


[Site "https://www.chess.com"]

[Event "Titled Tuesday Blitz June 1 2021"]
[White "Holt, Conrad"]
[Black "Yaniuk, Volodymyr"]
[WhiteFideId "2034387"]
[BlackFideId "14133083"]
[WhiteElo "2586"]
[BlackElo "2207"]
[Result "1-0"]
[Round "03"]
[TimeControl "180+1"]
[Date "2021.06.01"]
[WhiteClock "0:00:03"]
[BlackClock "0:00:02"]

1. d4 d5 2. c4 e6 3. Nc3 Nf6 4. cxd5 exd5 5. Bg5 Be7 6. e3 c6 7. Bd3 Nbd7 8. Nge2 h6 9. Bh4 Nh5 10. Bxe7 Qxe7 11. O-O O-O 12. Re1 a5 13. Na4 Re8 14. Rc1 Qg5 15. g3 Qd8 16. Qb3 Nhf6 17. Kg2 Nf8 18. Qb6 g6 19. Qxd8 Rxd8 20. Nb6 Ra7 21. f3 Ne6 22. Nc3 Nd7 23. Ncxd5 Nxb6 24. Nxb6 Ng5 25. h4 Ne6 26. Red1 Nf8 27. Nxc8 Rxc8 28. d5 c5 29. Bb5 b6 30. e4 Rd8 31. e5 Re7 32. f4 Kg7 33. Kf3 f6 34. d6 Re6 35. Bc4 Ree8 36. Bb5 Re6 37. Rd5 fxe5 38. fxe5 g5 39. hxg5 hxg5 40. Ke4 Ng6 41. Rf1 Nf8 42. Rf5 Kg6 43. g4 Kh6 44. Rf7 Ng6 45. Kf5 Nf4 46. Rd1 Ng2 47. Rh1+ Nh4+ 48. Rxh4+ gxh4 49. g5+ Kh5 50. Be2# 1-0


[Site "https://www.chess.com"]

[Event "Titled Tuesday Blitz June 1 2021"]
[White "Horobetz, Graham"]
[Black "Petriashvili, Nikoloz"]
[WhiteFideId "2047322"]
[BlackFideId "13611216"]
[WhiteElo "2627"]
[BlackElo "2807"]
[Result "0-1"]
[Round "03"]
[TimeControl "180+1"]
[Date "2021.06.01"]
[WhiteClock "0:00:06"]
[BlackClock "0:00:19"]

1. e4 c5 2. Nf3 Nc6 3. d4 cxd4 4. Nxd4 Nf6 5. Nc3 e6 6. Ndb5 d6 7. Bf4 e5 8. Bg5 a6 9. Na3 b5 10. Nd5 Be7 11. Bxf6 Bxf6 12. c3 Bg5 13. Nc2 Rb8 14. a4 bxa4 15. Ncb4 Nxb4 16. Nxb4 Bd7 17. Qxd6 Be7 18. Qxe5 O-O 19. Nd5 Re8 20. Nxe7+ Rxe7 21. Qd4 Qe8 22. Bd3 Bb5 23. O-O Rd8 24. Bxb5 axb5 25. Qc5 Rxe4 26. h3 Re5 27. Qb6 Re6 28. Qc5 Re2 29. c4 Rxb2 30. cxb5 Rxb5 31. Qc3 Rbd5 32. Rfe1 Qd7 33. Qc4 Rd4 34. Qc5 Rc8 35. Qa5 g6 36. Ra3 Re8 37. Rea1 Ree4 38. Qa8+ Kg7 39. Qb8 Rd1+ 40. Kh2 Rxa1 41. Rxa1 Qf5 42. Qb2+ Qf6 43. Qxf6+ Kxf6 44. f3 Rb4 45. Kg3 Ke5 46. Re1+ Kd5 47. Re7 a3 48. Ra7 Rb3 49. Rxf7 a2 50. Ra7 Rb2 51. h4 Kc4 52. Kh3 Kb3 53. Rb7+ Kc2 54. Rc7+ Kb1 55. Re7 a1=Q 56. Re1+ Ka2 57. Rxa1+ Kxa1 58. g3 Ka2 59. Kg4 Rg2 60. Kf4 Kb3 61. g4 Kc4 62. Kg5 Rh2 63. h5 gxh5 64. gxh5 Kd5 65. f4 Ke6 66. f5+ Kf7 67. Kh6 Rf2 68. Kxh7 Rxf5 69. h6 Rh5 70. Kh8 Rxh6# 0-1


[Site "https://www.chess.com"]

[Event "Titled Tuesday Blitz June 1 2021"]
[White "Indjic, Aleksandar"]
[Black "Sammed_Shete"]
[WhiteFideId "911925"]
[WhiteElo "2643"]
[BlackElo "2702"]
[Result "1-0"]
[Round "03"]
[TimeControl "180+1"]
[Date "2021.06.01"]
[WhiteClock "0:01:42"]
[BlackClock "0:00:11"]

1. d4 Nf6 2. Nf3 e6 3. Bg5 d5 4. e3 Be7 5. c3 O-O 6. Nbd2 b6 7. Bd3 Ba6 8. Bxa6 Nxa6 9. Qe2 Nb8 10. h4 c5 11. Bxf6 Bxf6 12. g4 Nc6 13. g5 Be7 14. Ne5 Nxe5 15. dxe5 d4 16. f4 dxc3 17. bxc3 Qd5 18. Kf2 Rfd8 19. Rhd1 Qc6 20. Qf3 Qa4 21. Ne4 Rab8 22. Kg3 Rxd1 23. Rxd1 Qxa2 24. Rd7 Kf8 25. Qh5 Qb1 26. Qxh7 Qg1+ 27. Kf3 Qh1+ 28. Ke2 Ke8 29. Rxa7 Qg2+ 30. Nf2 Rd8 31. Qg8+ Bf8 32. Qxf7# 1-0


[Site "https://www.chess.com"]

[Event "Titled Tuesday Blitz June 1 2021"]
[White "Iniyan, P"]
[Black "Przybylski, Wojciech"]
[WhiteFideId "25002767"]
[BlackFideId "1117599"]
[WhiteElo "2400"]
[BlackElo "2317"]
[Result "0-1"]
[Round "03"]
[TimeControl "180+1"]
[Date "2021.06.01"]
[WhiteClock "0:00:27"]
[BlackClock "0:00:08"]

1. e4 e5 2. Nf3 Nc6 3. Bc4 Nf6 4. d3 Be7 5. O-O O-O 6. Re1 d6 7. h3 Na5 8. Bb3 h6 9. Nc3 Nxb3 10. axb3 c6 11. d4 Qc7 12. Be3 exd4 13. Nxd4 b5 14. Qf3 Re8 15. e5 dxe5 16. Ndxb5 Qb7 17. Rxa7 Rxa7 18. Nxa7 Bd7 19. Nab5 e4 20. Nxe4 Qxb5 21. Nc3 Qf5 22. Qxf5 Bxf5 23. Re2 Bb4 24. g4 Bg6 25. Na2 Bd6 26. Kf1 Nd5 27. c4 Nxe3+ 28. Rxe3 Rxe3 29. fxe3 Bc2 30. Nc1 Be5 31. Ke2 Bxb2 32. Na2 Bxb3 33. Nb4 Bxc4+ 34. Kd2 c5 35. Nc6 Bf6 36. e4 Bf1 37. e5 Bg5+ 38. Ke1 Bxh3 39. Kf2 Bxg4 40. Kg3 Bd7 41. Na5 h5 42. Nc4 h4+ 43. Kf3 Be6 44. Nd6 c4 45. Kg2 c3 46. Kh2 c2 47. Ne4 Bf4+ 48. Kg2 Bd5 49. Kh3 Bxe4 50. e6 c1=Q 51. exf7+ Kxf7 52. Kg4 Qg1+ 53. Kh5 Qg5# 0-1


[Site "https://www.chess.com"]

[Event "Titled Tuesday Blitz June 1 2021"]
[White "Ivanisevic, Ivan"]
[Black "Torkkola, Henri"]
[WhiteFideId "912417"]
[BlackFideId "507660"]
[WhiteElo "2499"]
[BlackElo "2137"]
[Result "1-0"]
[Round "03"]
[TimeControl "180+1"]
[Date "2021.06.01"]
[WhiteClock "0:00:17"]
[BlackClock "0:00:01"]

1. d4 d6 2. e4 Nf6 3. Nc3 e5 4. Nf3 Nbd7 5. Bc4 Be7 6. a4 O-O 7. O-O exd4 8. Nxd4 Ne5 9. Bb3 c5 10. Nf5 Bxf5 11. exf5 c4 12. Ba2 d5 13. b3 Rc8 14. bxc4 dxc4 15. Bf4 Bd6 16. Nb5 Bb8 17. Nxa7 Qxd1 18. Raxd1 Nf3+ 19. gxf3 Bxa7 20. Rfe1 Rc5 21. Bd6 Rcc8 22. Bxf8 Kxf8 23. Re5 Nh5 24. Rb5 Rc7 25. Rdb1 b6 26. a5 bxa5 27. Rb7 Rxb7 28. Rxb7 Bd4 29. Bxc4 f6 30. Rd7 Bc3 31. Rf7+ Ke8 32. Ra7 Kf8 33. Kf1 Bb4 34. f4 Bd6 35. Rxa5 Bxf4 36. h3 Be5 37. Ra7 Bc3 38. h4 Be5 39. Ke2 Nf4+ 40. Kf3 Nh5 41. Ke4 g6 42. Rxh7 gxf5+ 43. Kxf5 Ng7+ 44. Kg6 Ne8 45. Rf7+ Kg8 46. h5 Bd4 47. h6 Nd6 48. h7+ Kh8 49. Rf8# 1-0


[Site "https://www.chess.com"]

[Event "Titled Tuesday Blitz June 1 2021"]
[White "Janaszak, Dawid"]
[Black "Colas, Joshua"]
[WhiteFideId "1119206"]
[BlackFideId "2044447"]
[WhiteElo "2332"]
[BlackElo "2347"]
[Result "1-0"]
[Round "03"]
[TimeControl "180+1"]
[Date "2021.06.01"]
[WhiteClock "0:00:15"]
[BlackClock "0:00:12"]

1. d4 Nf6 2. Nf3 d5 3. Bf4 g6 4. Nc3 Bg7 5. Nb5 Na6 6. h3 O-O 7. e3 c6 8. Nc3 Nc7 9. g4 Ne4 10. Bd3 Nxc3 11. bxc3 Nb5 12. c4 dxc4 13. Bxc4 Nd6 14. Bb3 c5 15. c3 Qa5 16. Rc1 c4 17. Bxd6 cxb3 18. Bxe7 bxa2 19. Bxf8 Bxf8 20. Ne5 Be6 21. O-O Ba3 22. c4 Bb2 23. Nd3 a1=Q 24. Rxa1 Qxa1 25. Qxa1 Bxa1 26. Rxa1 Bxc4 27. Nc5 b6 28. Nd7 Rc8 29. Rxa7 b5 30. Nb6 Rc6 31. Nd7 Kg7 32. Ne5 Rc8 33. Rb7 Be2 34. Rxf7+ Kg8 35. Kg2 h5 36. Rb7 Bc4 37. Kg3 Kh8 38. Nxg6+ Kg8 39. gxh5 Rd8 40. Ne5 Kh8 41. h6 Rg8+ 42. Kf4 Bd5 43. e4 Rf8+ 44. Kg5 Bxb7 45. Ng6+ Kg8 46. h7+ Kxh7 47. Nxf8+ Kg7 48. Ne6+ Kf7 49. Nc5 Bxe4 50. Nxe4 Ke6 51. Nc5+ Kd5 52. h4 Kxd4 53. Na6 b4 54. Nxb4 Ke5 55. h5 Ke6 56. Kg6 Ke7 57. Kg7 1-0


[Site "https://www.chess.com"]

[Event "Titled Tuesday Blitz June 1 2021"]
[White "Jarovinsky, Alexey"]
[Black "Le, Tuan Minh"]
[WhiteFideId "14115131"]
[BlackFideId "12401153"]
[WhiteElo "2446"]
[BlackElo "2450"]
[Result "0-1"]
[Round "03"]
[TimeControl "180+1"]
[Date "2021.06.01"]
[WhiteClock "0:00:02"]
[BlackClock "0:00:20"]

1. Nc3 d5 2. e4 dxe4 3. Nxe4 Nf6 4. Nxf6+ exf6 5. d4 Bd6 6. Bd3 O-O 7. Qh5 Re8+ 8. Ne2 g6 9. Qh4 Nc6 10. c3 Be7 11. O-O f5 12. Qg3 Bh4 13. Qf3 Ne7 14. Bh6 Bf6 15. Rad1 Qd5 16. Qxd5 Nxd5 17. a3 Bd7 18. Bc1 Be7 19. Nf4 Nf6 20. Bc2 Bd6 21. Rfe1 a5 22. Nd3 a4 23. Bf4 Bxf4 24. Nxf4 Bb5 25. f3 Kf8 26. Kf2 Bc4 27. Rxe8+ Nxe8 28. Nd3 Nd6 29. Ne5 Bb5 30. Bd3 Bxd3 31. Nxd3 Nc4 32. Re1 b6 33. Re2 Rd8 34. Ne5 Na5 35. Ke1 f6 36. Nd3 Kf7 37. Kd2 g5 38. Kc2 h5 39. h3 h4 40. Nf2 Nc4 41. Nd1 f4 42. Kd3 b5 43. Kc2 f5 44. Re1 Kf6 45. Re2 Rg8 46. Kc1 g4 47. fxg4 fxg4 48. hxg4 Rxg4 49. Kc2 Kf5 50. Kd3 Rg3+ 51. Kc2 c6 52. Kc1 Kg4 53. Nf2+ Kf5 54. Ne4 Re3 55. Rxe3 Nxe3 56. Nf2 Nxg2 57. Kd2 f3 58. Kd3 Kf4 59. c4 bxc4+ 60. Kxc4 Ke3 61. Ng4+ Ke2 62. Kc5 Ne3 63. Nh2 f2 64. Kxc6 Ng4 65. Nxg4 f1=Q 66. Ne5 h3 67. d5 h2 68. d6 h1=Q+ 69. Kc7 Qf6 70. Nc6 Qd5 0-1


[Site "https://www.chess.com"]

[Event "Titled Tuesday Blitz June 1 2021"]
[White "Jobava, Baadur"]
[Black "Manafov, Vugar"]
[WhiteFideId "13601520"]
[BlackFideId "13410814"]
[WhiteElo "2748"]
[BlackElo "2274"]
[Result "0-1"]
[Round "03"]
[TimeControl "180+1"]
[Date "2021.06.01"]
[WhiteClock "0:00:52"]
[BlackClock "0:00:17"]

1. e4 Nf6 2. e5 Nd5 3. Nc3 Nxc3 4. dxc3 g6 5. Nf3 Bg7 6. Bf4 Nc6 7. Qd2 d6 8. exd6 cxd6 9. O-O-O Qa5 10. a3 O-O 11. Bh6 Bg4 12. Bxg7 Kxg7 13. Be2 Rac8 14. h3 Bxf3 15. Bxf3 Ne5 16. Be2 Qb6 17. Qd4 Qxd4 18. cxd4 Nd7 19. c3 Nf6 20. Bf3 Rc7 21. Rhe1 e6 22. Kc2 b5 23. Kb3 Nd7 24. a4 bxa4+ 25. Kxa4 Rb8 26. Ka3 Nb6 27. Ka2 Na4 28. Rd2 d5 29. Bd1 Nb6 30. Be2 Nc8 31. Bd3 Nd6 32. Ra1 Kf8 33. Rc2 Ke7 34. Kb1 Kd8 35. Kc1 Rb6 36. Re2 Rcb7 37. Ra2 h5 38. Kc2 h4 39. g3 hxg3 40. fxg3 Ke7 41. h4 Rc7 42. g4 Rb8 43. h5 gxh5 44. gxh5 Rh8 45. Rh2 f5 46. Ra6 Ne4 47. h6 Ng5 48. Rh1 Nf7 49. Re1 Rxh6 50. Bxf5 Ng5 51. Bd3 Nf3 52. Rf1 Rh2+ 53. Kc1 Nxd4 54. Rg1 Nb3+ 55. Kb1 Nc5 56. Rg7+ Kd8 57. Rg8+ Ke7 58. Rg7+ Kd8 59. Rd6+ Kc8 60. Rg8+ Kb7 61. Bb5 a6 62. Be8 Nd3 63. Rxe6 Rxb2+ 64. Ka1 Rb6 65. Rxb6+ Kxb6 66. Bf7 Rxf7 0-1


[Site "https://www.chess.com"]

[Event "Titled Tuesday Blitz June 1 2021"]
[White "Kesgin, Halit Kaan"]
[Black "Siva Mahadevan"]
[WhiteFideId "6349137"]
[BlackFideId "25043153"]
[WhiteElo "2040"]
[BlackElo "2203"]
[Result "0-1"]
[Round "03"]
[TimeControl "180+1"]
[Date "2021.06.01"]
[WhiteClock "0:00:11"]
[BlackClock "0:00:18"]

1. e4 c5 2. Nf3 Nc6 3. Bb5 Na5 4. c3 a6 5. Ba4 b5 6. Bc2 Bb7 7. O-O e6 8. d4 cxd4 9. cxd4 Nf6 10. Re1 Be7 11. a3 O-O 12. Nc3 Rc8 13. e5 Nd5 14. Ne4 f5 15. exf6 Nxf6 16. Nxf6+ Bxf6 17. Ne5 Bxe5 18. Rxe5 Qh4 19. Be3 Rxc2 20. Qxc2 Nc4 21. Rc5 Bxg2 22. Kxg2 Qg4+ 23. Kh1 Qf3+ 24. Kg1 Rf6 25. Rg5 Nxe3 26. Qd3 Qxf2+ 27. Kh1 Qf3+ 28. Kg1 Qf2+ 29. Kh1 h6 30. Rg3 Nf5 31. Rf3 Qxb2 32. Rg1 Kh8 33. d5 Qe5 34. dxe6 dxe6 35. Qd8+ Kh7 36. Qd3 Qd5 37. Qxd5 exd5 38. Rgf1 Kg6 39. Rg1+ Kf7 40. Rgf1 Ke6 41. Re1+ Kd6 42. Ref1 g6 43. Rd3 Ng3+ 44. Rxg3 Rxf1+ 45. Kg2 Rf6 0-1


[Site "https://www.chess.com"]

[Event "Titled Tuesday Blitz June 1 2021"]
[White "Khumalo, Keith"]
[Black "Kukhmazov, Arsen"]
[WhiteFideId "14319470"]
[BlackFideId "24108260"]
[WhiteElo "1992"]
[BlackElo "2453"]
[Result "0-1"]
[Round "03"]
[TimeControl "180+1"]
[Date "2021.06.01"]
[WhiteClock "0:00:12"]
[BlackClock "0:00:10"]

1. d4 d5 2. c4 c6 3. Nf3 Nf6 4. Qc2 g6 5. e3 Bg7 6. Bd3 O-O 7. O-O dxc4 8. Bxc4 Bf5 9. Qb3 b5 10. Be2 a6 11. Bd2 Nbd7 12. Rc1 Rc8 13. a4 Qb6 14. axb5 cxb5 15. Nc3 Ne4 16. Nxe4 Bxe4 17. Qb4 e6 18. Qa5 Bb7 19. Bb4 Qxa5 20. Bxa5 Rxc1+ 21. Rxc1 Rc8 22. Rxc8+ Bxc8 23. Nd2 Bf8 24. Bf3 f5 25. Bc6 Kf7 26. Kf1 Bd6 27. h3 Ke7 28. Ke2 e5 29. Nb3 Nb8 30. Bd5 Be6 31. Bxe6 Kxe6 32. dxe5 Kxe5 33. Kd3 Kd5 34. Bc3 Nc6 35. f4 Bc7 36. Nd4 Ne7 37. b4 Nc8 38. Ne2 Bd6 39. Bd2 Nb6 40. Nc3+ Kc6 41. Ne2 Nc4 42. Bc3 Kd5 43. Nd4 Be7 44. Ne2 Nd6 45. Ng3 Ne4 46. Ne2 h5 47. Be1 g5 48. fxg5 Bxg5 49. Nd4 f4 50. exf4 Bxf4 51. g4 hxg4 52. hxg4 Nf6 53. Nb3 Nxg4 54. Nc5 a5 55. Ne4 a4 56. Nc3+ Kc6 57. Nxa4 bxa4 58. Kc4 Ne3+ 59. Kc3 Kb5 60. Bf2 Nd1+ 61. Kd3 Nxf2+ 0-1


[Site "https://www.chess.com"]

[Event "Titled Tuesday Blitz June 1 2021"]
[White "Kollars, Dmitrij"]
[Black "Dzhaparov, Medet"]
[WhiteFideId "12909572"]
[BlackFideId "13803689"]
[WhiteElo "2576"]
[BlackElo "1702"]
[Result "1-0"]
[Round "03"]
[TimeControl "180+1"]
[Date "2021.06.01"]
[WhiteClock "0:02:00"]
[BlackClock "0:00:18"]

1. Nf3 Nf6 2. c4 g6 3. g3 Bg7 4. Bg2 O-O 5. O-O d5 6. cxd5 Nxd5 7. d4 c5 8. dxc5 Na6 9. c6 bxc6 10. a3 Rb8 11. Qc2 Qb6 12. e4 Nf6 13. Nc3 Be6 14. b4 c5 15. b5 Nc7 16. a4 Qa5 17. Bd2 Qb4 18. Nd5 Qxe4 19. Qxe4 Nxe4 20. Nxc7 Bxa1 21. Rxa1 Bg4 22. Be3 Rbc8 23. Nd5 Rfe8 24. Ne5 Bf5 25. Nc6 Kg7 26. g4 e6 27. Nde7 Rc7 28. gxf5 gxf5 29. Bxe4 fxe4 30. Bxc5 1-0


[Site "https://www.chess.com"]

[Event "Titled Tuesday Blitz June 1 2021"]
[White "Korkmaz, Necmettin"]
[Black "Demchenko, Anton"]
[WhiteFideId "6303285"]
[BlackFideId "4160258"]
[WhiteElo "2094"]
[BlackElo "2593"]
[Result "1/2-1/2"]
[Round "03"]
[TimeControl "180+1"]
[Date "2021.06.01"]
[WhiteClock "0:00:04"]
[BlackClock "0:00:07"]

1. e4 c5 2. Nc3 d6 3. f4 e6 4. Nf3 Bd7 5. Bc4 Nc6 6. O-O Be7 7. d3 Nf6 8. Qe1 Nd4 9. Nxd4 cxd4 10. Ne2 d5 11. exd5 exd5 12. Bb3 O-O 13. f5 Re8 14. Qg3 Bd6 15. Bf4 Rxe2 16. Bxd6 a5 17. a4 Ra6 18. Bc7 Qc8 19. Rae1 Rxe1 20. Rxe1 Bxf5 21. Be5 h6 22. Bxd4 Qd7 23. Re5 Bg6 24. Qe1 Kh7 25. h3 b5 26. axb5 Qxb5 27. Bc4 Qa4 28. b3 Qc6 29. Bxa6 Qxa6 30. Re7 a4 31. bxa4 Qxa4 32. Qc3 Qa6 33. Bxf6 gxf6 34. Rc7 Qb6+ 35. Qc5 Qe6 36. Re7 Qf5 37. Qf2 Qg5 38. Re8 h5 39. Kh2 h4 40. Qe3 Qh5 41. Rd8 Qf5 42. Re8 Kg7 43. Qf3 Qg5 44. c4 dxc4 45. dxc4 Bh5 46. Qe3 Qf5 47. c5 Qd7 48. Re7 Qd5 49. Qf4 Qxc5 50. Re3 Qg5 51. Qxg5+ fxg5 52. Re5 f6 53. Rc5 Kg6 54. g4 hxg3+ 55. Kxg3 Be2 56. h4 Bh5 57. hxg5 fxg5 58. Rc6+ Kf5 59. Rc5+ Kg6 60. Re5 Kf6 61. Rc5 Bf7 62. Kf2 Be6 63. Ke3 Bf5 64. Kd4 g4 65. Ke3 Kg5 66. Kf2 Kf4 67. Rc4+ Be4 68. Kg1 g3 69. Rc3 Bf3 70. Rc4+ Be4 71. Rb4 Kf3 72. Rb3+ Kf4 73. Rb4 Ke3 74. Rb3+ Kf4 75. Rb4 1/2-1/2


[Site "https://www.chess.com"]

[Event "Titled Tuesday Blitz June 1 2021"]
[White "Kosteniuk, Alexandra"]
[Black "Sjugirov, Sanan"]
[WhiteFideId "4128125"]
[BlackFideId "4189302"]
[WhiteElo "2521"]
[BlackElo "2472"]
[Result "0-1"]
[Round "03"]
[TimeControl "180+1"]
[Date "2021.06.01"]
[WhiteClock "0:00:07"]
[BlackClock "0:00:16"]

1. e4 c5 2. c3 Nf6 3. e5 Nd5 4. d4 cxd4 5. Nf3 d6 6. cxd4 Nc6 7. Bc4 Nb6 8. Bb5 a6 9. Bxc6+ bxc6 10. O-O Bg4 11. Nbd2 e6 12. Qc2 Rc8 13. Qd3 a5 14. Ne4 d5 15. Ng3 Be7 16. h3 Bxf3 17. Qxf3 O-O 18. Qg4 Kh8 19. f4 f5 20. exf6 Bxf6 21. Be3 Nc4 22. Bf2 Nxb2 23. Qe2 Nc4 24. Qxe6 Bh4 25. Rae1 Nd2 26. Nf5 Bxf2+ 27. Rxf2 Ne4 28. Rb2 Re8 29. Qf7 Rc7 30. Nd6 Rf8 31. Qe6 Nxd6 32. Re5 Nc4 0-1


[Site "https://www.chess.com"]